 Dungeon Crawl Stone Soup version 0.20-a0-1086-g4bd2f5b (console) character file.

445732 vuev the Sniper (level 23, 0/331 HPs)
             Began as a Minotaur Gladiator on Apr 30, 2017.
             Was the Champion of Okawaru.
             Slain by Mennas
             ... wielding a +5 eudemon blade of holy wrath
              (7 damage)
             ... on level 2 of the Crypt on May 1, 2017.
             The game lasted 02:35:23 (60779 turns).

vuev the Sniper (Minotaur Gladiator)               Turns: 60779, Time: 02:35:24

Health: 0/331      AC: 27    Str: 30    XL:     23   Next: 10%
Magic:  22/22      EV: 32    Int: 17    God:    Okawaru [******]
Gold:   2191       SH:  0    Dex: 21    Spells: 22/22 levels left

rFire    + + .     SeeInvis .   a - +7 lajatang {flame, rC+ Str-4 Int+5}
rCold    + + +     Gourm    +   (shield currently unavailable)
rNeg     + . .     Faith    .   R - +3 plate armour {rF+}
rPois    +         Spirit   .   d - -2 hat of the Alchemist {rElec rPois rF+ rC+ rN+ MR+ rMut rCorr}
rElec    +         Reflect  .   Y - scarf {rC+}
rCorr    +         Harm     .   B - +1 pair of gloves {archery}
rMut     +         Clarity  +   V - +0 pair of boots {Fly}
MR       ++...                  p - amulet of the gourmand
Stlth    ..........             K - +3 ring of evasion
Regen    1.1/turn               r - ring of Xom's Ringing Laughter {Str+3 Int+4 Dex+4}
MPRegen  0.2/turn

@: mighty, agile, berserking (expiring), flying, glowing, silenced, very quick
A: retaliatory headbutt, horns 2, yellow scales 1, clarity, regeneration 1
}: 2/15 runes: barnacled, gossamer
a: Renounce Religion, Stop Flying


You were on level 2 of the Crypt.
You worshipped Okawaru.
Okawaru was exalted by your worship.
You were not hungry.

You visited 8 branches of the dungeon, and saw 39 of its levels.
You visited the Abyss 1 time.
You also visited: Bailey, Ice Cave, Wizlab and Desolation.

You collected 4846 gold pieces.
You spent 2655 gold pieces at shops.

Inventory:

Hand Weapons
 a - the +7 lajatang of Samefar (weapon) {flame, rC+ Str-4 Int+5}
   (Okawaru gifted it to you in the Desolation of Salt)

   It has been specially enchanted to burn those struck by it, causing extra
   injury to most foes and up to half again as much damage against particularly
   susceptible opponents.
   Big, fiery blades are also staple armaments of hydra-hunters.
   It affects your strength (-4).
   It affects your intelligence (+5).
   It protects you from cold.
 b - the +0 triple crossbow of Reason {penet, rF+ MR+ Stlth+}
   (Okawaru gifted it to you on level 4 of the Spider Nest)

   Ammo fired by it will pass through the targets it hits, potentially hitting
   all targets in its path until it reaches maximum range.
   It protects you from fire.
   It affects your resistance to hostile enchantments.
   It makes you more stealthy.
 N - the +8 triple crossbow of Saltpetre {velocity, rPois}
   (Okawaru gifted it to you on level 3 of the Elven Halls)

   Any bolt fired from it inflicts extra damage.
   It protects you from poison.
 X - a +2 vampiric lajatang
Missiles
 t - 16 throwing nets (quivered)
 y - 883 bolts
Armour
 d - the -2 hat of the Alchemist (worn) {rElec rPois rF+ rC+ rN+ MR+ rMut rCorr}
   (You bought it in a shop on level 2 of the Elven Halls)

   It protects you from fire.
   It protects you from cold.
   It insulates you from electricity.
   It protects you from poison.
   It protects you from negative energy.
   It affects your resistance to hostile enchantments.
   It protects you from acid and corrosion.
   It protects you from mutation.
 B - a +1 pair of gloves of archery (worn)
 J - the +0 mask of the Dragon {MR+ Slay+3 SInv}
   (Okawaru gifted it to you on level 2 of the Vaults)

   It affects your accuracy and damage with ranged weapons and melee attacks
   (+3).
   It affects your resistance to hostile enchantments.
   It lets you see invisible.
 R - a +3 plate armour of fire resistance (worn)
 V - a +0 pair of boots of flying (worn)
 Y - a scarf of cold resistance (worn)
Jewellery
 p - an amulet of the gourmand (around neck)
 r - the ring of Xom's Ringing Laughter (right hand) {Str+3 Int+4 Dex+4}
   (You acquired it on level 4 of the Vaults)

   [ring of dexterity]

   It affects your strength (+3).
   It affects your intelligence (+4).
   It affects your dexterity (+4).
 D - the ring of Ripassicyi {Str+6 Stlth+}
   (You found it on level 4 of the Shoals)

   [ring of stealth]

   It affects your strength (+6).
   It makes you more stealthy.
 G - a +3 ring of protection
 K - a +3 ring of evasion (left hand)
Wands
 l - a wand of acid (0/15)
 o - a wand of lightning (6/15)
 s - a wand of clouds (5/9)
 F - a wand of digging (11/24)
 I - a wand of confusion (20/48)
 L - a wand of acid (8/15)
Scrolls
 c - 4 scrolls of magic mapping
 g - 9 scrolls of fog
 j - 15 scrolls of remove curse
 k - 4 scrolls of identify
 n - 7 scrolls of enchant armour
 u - 6 scrolls of recharging
 w - a scroll of silence
 E - 4 scrolls of teleportation
 H - 9 scrolls of enchant weapon
 P - a scroll of blinking
 Q - 2 scrolls of holy word
Potions
 e - 2 potions of resistance
 i - 3 potions of haste
 m - 4 potions of lignification
 q - a potion of might
 x - 3 potions of magic
 z - a potion of berserk rage
 A - 16 potions of curing
 C - 3 potions of cancellation
 O - 6 potions of mutation
 S - a potion of invisibility
 T - 3 potions of agility
 W - 3 potions of heal wounds
Comestibles
 f - 22 bread rations
 h - 15 meat rations
 v - 34 royal jellies
 M - 34 fruits


   Skills:
 + Level 21.6 Fighting
 - Level 14.0 Staves
 * Level 23.9 Crossbows
 - Level 2.0 Throwing
 + Level 21.4 Armour
 + Level 20.2 Dodging


You had 22 spell levels left.
You didn't know any spells.

Dungeon Overview and Level Annotations

Branches:
Dungeon (14/15)            Temple (0/1) D:4            Lair (6/6) D:11
 Shoals (4/4) Lair:2       Spider (4/4) Lair:2        Slime (0/5) Lair:6
    Orc (2/2) D:10            Elf (3/3) Orc:2        Vaults (4/5) D:14
  Crypt (2/3) Vaults:2

Altars:
Ashenzari
Cheibriados
Fedhas
Gozag
Hepliaklqana
Makhleb
Okawaru
Qazlal
Ru
Sif Muna
Trog
Uskayaw
Vehumet
Wu Jian
Xom
Yredelemnul
Zin
Beogh
Jiyva

Shops:
D:7 [   D:11 (**   D:12 ?   D:14 *   Orc:2 *?[[   Elf:1 *   Elf:2 [!([
Elf:3 (   Shoals:2 }   Vaults:1 (

Annotations:
D:10 Sonja
D:12 exclusion: oklob plant
Crypt:2 Frederick, Margery, Mennas


Innate Abilities, Weirdness & Mutations

You reflexively headbutt those who attack you in melee.
You have a pair of horns on your head.
You are partially covered in yellow scales. (AC +2)
You possess an exceptional clarity of mind.
Your natural rate of healing is unusually fast.


Message History

Mennas is almost dead.
Mennas gestures at you. Mennas hits you but does no damage.
Mennas barely misses you. Mennas blocks your attack.
Your headbutt misses Mennas.
Mennas is almost dead.
Mennas misses you. Mennas hits you but does no damage.
You slice Mennas!! You burn Mennas. Your headbutt misses Mennas.
Mennas is almost dead.
Mennas blocks your attack.
Your headbutt misses Mennas.
Mennas is almost dead.
Mennas hits you with an eudemon blade of holy wrath.
* * * LOW HITPOINT WARNING * * *
Mennas hits you with an eudemon blade of holy wrath!
* * * LOW HITPOINT WARNING * * *
Mennas blocks your attack.
Mennas is almost dead.
Mennas hits you with an eudemon blade of holy wrath!
* * * LOW HITPOINT WARNING * * *
Mennas hits you with an eudemon blade of holy wrath!
You die...

#######
#(..A@#
...........#
............#
............#
..(.........#
............#
............#
Z............


You could see Mennas.

Vanquished Creatures
  Mara (Spider:3)
  Arachne (Spider:3)
  An Ice Fiend (IceCv)
  2 deep elf blademasters (Elf:3)
  A kraken (Shoals:1)
  Frances (D:13)
  2 deep elf master archers (Elf:3)
  A sphinx (Vaults:4)
  3 ancient champions
  Kirke (D:12)
  A tengu reaver (Vaults:4)
  A revenant (Crypt:1)
  Ilsuiw (Shoals:4)
  A storm dragon (Vaults:4)
  3 imperial myrmidons (Desolation)
  A frost giant (Vaults:2)
  6 emperor scorpions
  3 ghost moths
  An orc warlord (Vaults:3)
  16 deep elf sorcerers
  4 ghouls
  7 vault wardens
  17 ironheart preservers
  4 deep elf elementalists (Elf:3)
  7 stone giants
  A vampire knight (Crypt:1)
  7 entropy weavers
  The ghost of derval the Bewitcher, an adept SpEn of Gozag (WizLab)
  Nessos (Orc:2)
  8 deep elf demonologists
  A dire elephant (Lair:6)
  12 deep elf annihilators
  A spark wasp (Spider:4)
  Azrael (D:12)
  12 purple draconians (WizLab)
  6 merfolk javelineers
  An eidolon (Crypt:1)
  9 deep elf death magi
  4 crystal guardians
  9 statues (WizLab)
  5 merfolk impalers
  6 deep elf high priests
  8 yaktaur captains
  The ghost of Kite the Severer, a journeyman MiBe of Trog (D:11)
  6 ettins
  4 jiangshi (Crypt:1)
  3 ice dragons
  5 ragged hierophants (Desolation)
  8 hydras
  8 servants of whispers (Desolation)
  A rakshasa (Vaults:1)
  A great orb of eyes (Vaults:1)
  13 vault guards
  Harold (Lair:2)
  4 alligator snapping turtles
  3 merfolk avatars
  A death knight (D:14)
  8 peacekeepers (Desolation)
  9 centaur warriors
  A catoblepas (Lair:6)
  3 satyrs
  10 ogre magi
  5 merfolk aquamancers
  The ghost of Protee the Spear-Bearer, a journeyman MfIE of Makhleb (Lair:1)
  28 dancing weapons
  23 two-headed ogres
  A shock serpent (shapeshifter) (Vaults:2)
  3 deep troll shamans
  2 deep troll earth magi (Vaults:3)
  4 orc high priests (Orc:2)
  6 death yaks
  2 tengu warriors
  3 vampire magi
  A small abomination (Elf:3)
  20 deep elf knights
  2 hell knights (Crypt:1)
  3 shadow wraiths
  8 skeletal warriors (Crypt:1)
  13 sea snakes
  2 flayed ghosts
  A large abomination (Elf:3)
  A quicksilver dragon simulacrum (Crypt:1)
  A sea snake (shapeshifter) (Elf:2)
  22 deep elf archers
  Pikel (D:6)
  14 harpies
  6 deep trolls
  2 unseen horrors
  2 necromancers
  15 ironbrand convokers
  4 wizards
  2 phantasmal warriors
  12 orc knights
  18 orb spiders
  98 deep elf magi
  2 orc sorcerers
  14 manticores
  37 wolf spiders
  A fire giant skeleton (Crypt:1)
  5 moths of wrath
  A salamander (shapeshifter) (Vaults:3)
  9 fauns
  34 ugly things
  2 stone giant skeletons
  An ice statue (IceCv)
  2 black mambas
  18 cyclopes
  7 water nymphs
  18 elephants
  13 vault sentinels
  A torpor snail (Spider:3)
  3 guardian serpents (Desolation)
  12 merfolk sirens
  A molten gargoyle (Desolation)
  9 spiny frogs
  A gargoyle (D:10)
  3 rime drakes
  6 komodo dragons
  6 freezing wraiths
  6 ice devils (IceCv)
  34 yaktaurs
  3 anaconda simulacra (IceCv)
  8 demonic crawlers
  A pale draconian skeleton (Crypt:1)
  3 meliai (Spider:2)
  A queen bee (shapeshifter) (D:12)
  A green draconian skeleton (Crypt:1)
  2 golden dragon simulacra (IceCv)
  2 meliai (shapeshifter)
  28 merfolk
  3 polar bears (Lair:6)
  5 wind drakes
  A queen bee (Lair:1)
  A tengu conjurer (D:14)
  26 hornets
  4 trolls
  40 jumping spiders
  57 saltlings (Desolation)
  A hornet (shapeshifter) (Vaults:1)
  10 blink frogs
  10 dream sheep
  Grinder (D:4)
  2 blink frogs (shapeshifter)
  13 slime creatures
  10 snapping turtles
  14 hippogriffs
  A stone giant simulacrum (Vaults:1)
  4 flying skulls (Crypt:1)
  3 air elementals (Elf:3)
  A meliai zombie (D:13)
  84 redbacks
  2 dire elephant simulacra (IceCv)
  2 shadows
  14 water elementals
  A wind drake zombie (Crypt:1)
  An elf zombie (Vaults:1)
  34 yaks
  39 tarantellas
  7 wraiths
  7 fire elementals
  3 wyverns
  An ice dragon skeleton (Crypt:2)
  6 basilisks
  2 humans (D:14)
  2 hungry ghosts
  2 steam dragons
  A death yak simulacrum (IceCv)
  3 harpy simulacra (IceCv)
  2 iron troll simulacra (IceCv)
  A soldier ant (D:14)
  A torturous demonspawn zombie (Crypt:1)
  A soldier ant (shapeshifter) (Elf:1)
  6 wargs
  12 water moccasins
  2 hydra simulacra (IceCv)
  Duvessa (D:4)
  An acid dragon (Vaults:2)
  A floating eye (shapeshifter) (Vaults:2)
  2 hell hounds (D:12)
  8 porcupines
  A merfolk skeleton (Crypt:1)
  39 orc warriors
  A porcupine (shapeshifter) (Vaults:2)
  5 sky beasts
  A swamp drake (shapeshifter) (Vaults:2)
  An alligator simulacrum (Crypt:1)
  An ice beast (D:13)
  3 phantoms
  A black bear (shapeshifter) (Vaults:3)
  An ettin simulacrum (IceCv)
  A black bear (Lair:6)
  A fire dragon simulacrum (Crypt:1)
  An eye of draining (shapeshifter) (Vaults:4)
  3 necrophages
  31 ogres
  27 wolves
  15 centaurs
  11 crocodiles
  5 boggarts
  A rime drake zombie (Crypt:1)
  An elf simulacrum (Vaults:1)
  7 big kobolds
  11 bullfrogs
  4 earth elementals
  A gnoll sergeant (D:11)
  A water moccasin zombie (D:9)
  Dowan (D:4)
  A wyvern skeleton (D:11)
  8 scorpions
  A human simulacrum (Vaults:2)
  17 killer bees
  An elephant simulacrum (IceCv)
  A warg skeleton (Crypt:1)
  20 wights
  5 howler monkeys
  2 centaur zombies
  3 bullfrog zombies
  5 crimson imps
  A yaktaur simulacrum (Vaults:1)
  2 draconian simulacra (IceCv)
  A hound (shapeshifter) (D:13)
  5 jellies
  8 centaur skeletons
  4 bullfrog skeletons
  12 hounds
  27 orc priests
  30 orc wizards
  Natasha (thrice) (D:3)
  A hell rat (D:11)
  A human skeleton (Crypt:2)
  7 iguanas
  A spriggan simulacrum (IceCv)
  A troll simulacrum (IceCv)
  2 polar bear simulacra (IceCv)
  14 worker ants
  A porcupine skeleton (Crypt:2)
  3 centaur simulacra (IceCv)
  A naga zombie (Crypt:1)
  An acid dragon zombie (Crypt:1)
  A demigod skeleton (Crypt:1)
  2 hound zombies
  2 hound skeletons
  Robin (D:3)
  9 gnolls
  8 adders
  A naga simulacrum (IceCv)
  A river rat (D:11)
  2 shadow imps
  8 white imps (IceCv)
  5 ufetubi (IceCv)
  8 oozes (D:2)
  7 worms
  2 dart slugs
  9 leopard geckos
  77 orcs
  A ball python (D:3)
  6 bats
  12 giant cockroaches
  23 goblins
  11 hobgoblins
  6 quokkas
  6 frilled lizards
  A jackal skeleton (D:5)
  44 kobolds
  A quokka skeleton (D:8)
  9 rats
  8 plants
  3 tentacles (Shoals:1)
1987 creatures vanquished.

Vanquished Creatures (others)
  A merfolk aquamancer (Shoals:4)
  2 shadow wraiths (Vaults:3)
  A deep elf archer (Vaults:3)
  A deep elf mage (Elf:3)
  2 humans (D:12)
  A slave (D:6)
  A hound (D:6)
  An orc wizard (Orc:2)
  2 kobolds (D:9)
  16 fungi
  7 plants
  5 tentacles (Shoals:1)
  8 toadstools (D:2)
48 creatures vanquished.

Grand Total: 2035 creatures vanquished

Notes
Turn   | Place    | Note
-------+----------+-------------------------------------------
     0 | D:1      | vuev the Minotaur Gladiator began the quest for the Orb.
     0 | D:1      | Reached XP level 1. HP: 18/18 MP: 0/0
   245 | D:1      | Reached XP level 2. HP: 21/25 MP: 1/1
   372 | D:1      | Reached skill level 1 in Armour
  1002 | D:2      | Reached XP level 3. HP: 30/30 MP: 2/2
  1450 | D:2      | Reached XP level 4. HP: 34/37 MP: 3/3
  1688 | D:2      | Reached skill level 5 in Staves
  1692 | D:2      | Reached XP level 5. HP: 26/45 MP: 4/4
  2088 | D:3      | Noticed Robin
  2108 | D:3      | Killed Robin
  2568 | D:3      | Found a stormy altar of Qazlal.
  2576 | D:3      | Found a hide-covered altar of Uskayaw.
  2586 | D:3      | Found a sacrificial altar of Ru.
  2586 | D:3      | Found a shattered altar of Ashenzari.
  2586 | D:3      | Found a snail-covered altar of Cheibriados.
  2587 | D:3      | Found an iron altar of Okawaru.
  2589 | D:3      | Found a hazy altar of Hepliaklqana.
  2591 | D:3      | Found a bloodstained altar of Trog.
  2611 | D:3      | Became a worshipper of Warmaster Okawaru
  2638 | D:3      | Reached XP level 6. HP: 34/52 MP: 5/5
  2642 | D:3      | HP: 2/52 [orc wizard/dagger of electrocution (11)]
  2800 | D:3      | Noticed Natasha
  2814 | D:3      | Killed Natasha
  2997 | D:3      | Noticed Natasha
  3002 | D:3      | Killed Natasha
  3090 | D:3      | Noticed Natasha
  3095 | D:3      | Killed Natasha
  3250 | D:4      | Noticed Grinder
  3273 | D:4      | Killed Grinder
  3273 | D:4      | Reached skill level 5 in Dodging
  3273 | D:4      | Reached XP level 7. HP: 58/60 MP: 6/6
  3525 | D:4      | Reached * piety under Okawaru
  3558 | D:4      | Found a staircase to the Ecumenical Temple.
  3562 | D:4      | Reached skill level 5 in Fighting
  4445 | D:4      | Noticed Duvessa
  4447 | D:4      | Noticed Dowan
  4459 | D:4      | Killed Duvessa
  4459 | D:4      | Reached XP level 8. HP: 62/69 MP: 4/7
  4473 | D:4      | Killed Dowan
  4830 | D:4      | Gained mutation: Armour fits poorly on your strangely shaped body. [potion of mutation]
  4830 | D:4      | Gained mutation: You evolve. [potion of mutation]
  4895 | D:5      | Entered Level 5 of the Dungeon
  4928 | D:5      | Found an ornate altar of the Wu Jian Council.
  4942 | D:5      | Reached skill level 5 in Armour
  5118 | D:5      | Reached ** piety under Okawaru
  5873 | D:6      | Lost mutation: Armour fits poorly on your strangely shaped body. [potion of mutation]
  5873 | D:6      | Lost mutation: You evolve. [potion of mutation]
  5873 | D:6      | Gained mutation: You are agile. (Dex +2) [potion of mutation]
  5873 | D:6      | Gained mutation: Scrolls take you a little longer to read. [potion of mutation]
  5873 | D:6      | Gained mutation: You are covered in fur. (AC +1) [potion of mutation]
  5873 | D:6      | Gained mutation: You possess an exceptional clarity of mind. [potion of mutation]
  5963 | D:6      | Found an opulent altar of Gozag.
  6003 | D:6      | Reached XP level 9. HP: 66/78 MP: 8/8
  6063 | D:6      | Noticed a troll
  6080 | D:6      | Killed a troll
  6436 | D:6      | Noticed Pikel
  6448 | D:6      | Killed Pikel
  6448 | D:6      | Reached *** piety under Okawaru
  6448 | D:6      | Reached skill level 10 in Staves
  7176 | D:7      | Found a glowing silver altar of Zin.
  7262 | D:7      | Found a burning altar of Makhleb.
  7523 | D:7      | Found Peteuh's Armour Shoppe.
  7574 | D:7      | Found a deep blue altar of Sif Muna.
  7574 | D:7      | Found a shimmering altar of Xom.
  7792 | D:7      | Reached XP level 10. HP: 88/88 MP: 9/9
  7800 | D:7      | Reached **** piety under Okawaru
  8144 | D:8      | Found a flagged portal.
  8171 | Bailey   | Entered a bailey
  8972 | D:8      | Noticed a two-headed ogre
  8982 | D:8      | Killed a two-headed ogre
  8982 | D:8      | Received a gift from Okawaru
  9444 | D:9      | Reached ***** piety under Okawaru
  9880 | D:9      | Received a gift from Okawaru
 10202 | D:9      | Received a gift from Okawaru
 10212 | D:9      | Reached XP level 11. HP: 88/99 MP: 10/10
 10214 | D:9      | Noticed a three-headed hydra
 10230 | D:9      | Killed a five-headed hydra
 10716 | D:9      | Noticed a two-headed ogre
 10724 | D:9      | Killed a two-headed ogre
 10724 | D:9      | Reached skill level 10 in Fighting
 10795 | D:10     | Entered Level 10 of the Dungeon
 10870 | D:10     | Lost mutation: You are covered in fur. (AC +1) [potion of mutation]
 10870 | D:10     | Lost mutation: You are agile. (Dex +2) [potion of mutation]
 10870 | D:10     | Lost mutation: You possess an exceptional clarity of mind. [potion of mutation]
 10870 | D:10     | Lost mutation: Scrolls take you a little longer to read. [potion of mutation]
 10870 | D:10     | Gained mutation: You are partially covered in yellow scales. (AC +2) [potion of mutation]
 10870 | D:10     | Gained mutation: Your natural rate of healing is unusually fast. [potion of mutation]
 10870 | D:10     | Gained mutation: You possess an exceptional clarity of mind. [potion of mutation]
 10907 | D:10     | Noticed Sonja
 10913 | D:10     | Cast into level 1 of the Abyss (Sonja)
 10939 | D:10     | Escaped the Abyss
 11465 | D:10     | Identified a scroll of acquirement
 11468 | D:10     | Got a faintly glowing silver ring
 11469 | D:10     | Identified the ring "Zuggie Ucang" {*Slow +Inv rF++ Slay+4 SInv} (You acquired it on level 10 of the Dungeon)
 11557 | D:10     | Noticed a two-headed ogre
 11568 | D:10     | Killed a two-headed ogre
 11814 | D:10     | Found a staircase to the Orcish Mines.
 11953 | D:11     | Found Xoboc's Assorted Antiques.
 11953 | D:11     | Noticed a brown ugly thing
 11963 | D:11     | Killed a brown ugly thing
 12003 | D:11     | Noticed a cyan ugly thing
 12013 | D:11     | Killed a cyan ugly thing
 12037 | D:11     | Bought a scroll of teleportation for 45 gold pieces
 12037 | D:11     | Bought a scroll of teleportation for 45 gold pieces
 12037 | D:11     | Bought a cyan potion for 13 gold pieces
 12037 | D:11     | Bought a scroll labeled EFAETA ZIKEN for 15 gold pieces
 12246 | D:11     | Reached skill level 10 in Armour
 12312 | D:11     | Noticed a death yak
 12313 | D:11     | Noticed a death yak
 12313 | D:11     | Found a staircase to the Lair.
 12313 | D:11     | Noticed a death yak
 12313 | D:11     | Noticed Kite's ghost (journeyman MiBe)
 12350 | D:11     | Received a gift from Okawaru
 12350 | D:11     | Reached skill level 10 in Dodging
 12357 | D:11     | Killed a death yak
 12376 | D:11     | Killed a death yak
 12395 | D:11     | Killed a death yak
 12395 | D:11     | Reached skill level 1 in Crossbows
 12395 | D:11     | Reached XP level 12. HP: 55/110 MP: 8/11
 12422 | D:11     | Killed Kite's ghost
 12422 | D:11     | Reached skill level 2 in Crossbows
 12838 | D:11     | Found Annes's Antique Weapon Boutique.
 12962 | D:11     | Noticed a four-headed hydra
 12968 | D:11     | Killed a four-headed hydra
 12968 | D:11     | Reached skill level 3 in Crossbows
 13079 | D:11     | Found Exygo's General Store.
 13087 | D:11     | Bought a potion of haste for 160 gold pieces
 13087 | D:11     | Bought a potion of agility for 64 gold pieces
 13272 | D:11     | Reached skill level 4 in Crossbows
 13422 | Lair:1   | Entered Level 1 of the Lair of Beasts
 13422 | Lair:1   | Noticed an eight-headed hydra
 13429 | Lair:1   | Killed an eight-headed hydra
 13429 | Lair:1   | Received a gift from Okawaru
 13486 | Lair:1   | Found a burning altar of Makhleb.
 13810 | Lair:1   | Reached skill level 5 in Crossbows
 13817 | Lair:1   | Noticed a seven-headed hydra
 13825 | Lair:1   | Killed a seven-headed hydra
 13849 | Lair:1   | Noticed Protee's ghost (journeyman MfIE)
 13862 | Lair:1   | Killed Protee's ghost
 13906 | Lair:1   | Noticed a four-headed hydra
 13911 | Lair:1   | Killed a four-headed hydra
 13911 | Lair:1   | Reached skill level 6 in Crossbows
 14427 | Lair:2   | Found a hole to the Spider Nest.
 14711 | Lair:2   | Reached skill level 7 in Crossbows
 14867 | Lair:2   | Noticed Harold
 14882 | Lair:2   | Killed Harold
 14981 | Lair:2   | Reached XP level 13. HP: 118/118 MP: 12/12
 15062 | Lair:2   | Found a staircase to the Shoals.
 15858 | Lair:3   | Reached ****** piety under Okawaru
 16305 | Lair:3   | Reached skill level 8 in Crossbows
 16318 | Lair:3   | Received a gift from Okawaru
 17305 | Lair:5   | Reached skill level 9 in Crossbows
 17757 | Lair:5   | Found a basalt altar of Yredelemnul.
 18393 | Lair:6   | Entered Level 6 of the Lair of Beasts
 18484 | Lair:6   | Reached skill level 10 in Crossbows
 18584 | Lair:6   | Received a gift from Okawaru
 18632 | Lair:6   | Noticed a dire elephant
 18645 | Lair:6   | Killed a dire elephant
 18760 | Lair:6   | Reached XP level 14. HP: 125/129 MP: 13/13
 19025 | Lair:6   | Reached skill level 11 in Crossbows
 19409 | Lair:6   | Found a viscous altar of Jiyva.
 19410 | Lair:6   | Found a staircase to the Slime Pits.
 19760 | Orc:1    | Entered Level 1 of the Orcish Mines
 19793 | Orc:1    | Found a roughly hewn altar of Beogh.
 20266 | Orc:2    | Entered Level 2 of the Orcish Mines
 20281 | Orc:2    | Noticed Nessos
 20285 | Orc:2    | Killed Nessos
 20285 | Orc:2    | Received a gift from Okawaru
 20457 | Orc:2    | Received a gift from Okawaru
 20659 | Orc:2    | Found Keaxe's Magic Scroll Emporium.
 20659 | Orc:2    | Found Bailil's Assorted Antiques.
 20660 | Orc:2    | Found Pemeselo's Antique Armour Shoppe.
 20670 | Orc:2    | Found Ycoduch's Antique Armour Shoppe.
 20672 | Orc:2    | Bought a scroll of blinking for 105 gold pieces
 20672 | Orc:2    | Bought a scroll of teleportation for 42 gold pieces
 20713 | Orc:2    | Reached skill level 12 in Crossbows
 20716 | Orc:2    | Bought a scroll of teleportation for 99 gold pieces
 20964 | Orc:2    | Found a staircase to the Elven Halls.
 21602 | D:12     | Found Tanueb's Magic Scroll Shop.
 21606 | D:12     | Noticed Azrael
 21610 | D:12     | Killed Azrael
 21828 | D:12     | Bought a scroll of blinking for 120 gold pieces
 21828 | D:12     | Bought a scroll of enchant armour for 120 gold pieces
 21920 | D:12     | Noticed a storm dragon
 21920 | D:12     | Noticed a frost giant
 22217 | D:12     | Found a blossoming altar of Fedhas.
 22226 | D:12     | Noticed Kirke
 22233 | D:12     | Killed Kirke
 22926 | D:13     | Noticed Frances
 22934 | D:13     | Killed Frances
 23254 | D:13     | Reached skill level 13 in Crossbows
 23358 | D:13     | Reached XP level 15. HP: 139/139 MP: 14/14
 23464 | D:13     | Received a gift from Okawaru
 24492 | D:13     | Got a shimmering triple crossbow
 24494 | D:13     | Identified the cursed +1 triple crossbow of Causality {elec, Str+2} (You found it on level 13 of the Dungeon)
 24769 | Spider:1 | Entered Level 1 of the Spider Nest
 25572 | Spider:1 | Reached skill level 14 in Crossbows
 25779 | Spider:1 | Received a gift from Okawaru
 26092 | Spider:1 | Paralysed by a hornet for 1 turns
 26105 | Spider:1 | Reached skill level 15 in Fighting
 26223 | Spider:1 | Upgraded the game from 0.20-a0-1078-g4874019 to 0.20-a0-1086-g4bd2f5b
 26535 | Spider:1 | HP: 5/141 [wolf spider (21)]
 26602 | Spider:1 | Reached skill level 15 in Armour
 27190 | Spider:1 | Received a gift from Okawaru
 27575 | Spider:1 | Received a gift from Okawaru
 27921 | Spider:1 | Reached XP level 16. HP: 147/149 MP: 15/15
 28377 | Spider:2 | Reached skill level 15 in Crossbows
 28499 | Spider:2 | Paralysed by a hornet for 2 turns
 28836 | Spider:3 | Noticed Mara
 28852 | Spider:3 | Killed Mara
 28852 | Spider:3 | Received a gift from Okawaru
 29153 | Spider:3 | Reached skill level 15 in Dodging
 29477 | Spider:3 | Noticed Arachne
 29503 | Spider:3 | Killed Arachne
 30051 | Spider:3 | Reached skill level 16 in Crossbows
 30279 | Spider:4 | Entered Level 4 of the Spider Nest
 30669 | Spider:4 | Received a gift from Okawaru
 30805 | Spider:4 | Got an ichor-stained triple crossbow {god gift}
 30806 | Spider:4 | Identified the +0 triple crossbow of Reason {penet, rF+ MR+ Stlth+} (Okawaru gifted it to you on level 4 of the Spider Nest)
 31456 | Spider:4 | Reached XP level 17. HP: 148/158 MP: 13/16
 31565 | Spider:4 | Received a gift from Okawaru
 32379 | Spider:4 | Got a gossamer rune of Zot
 32752 | Shoals:1 | Entered Level 1 of the Shoals
 33042 | Elf:1    | Entered Level 1 of the Elven Halls
 33060 | Elf:1    | Received a gift from Okawaru
 33093 | Elf:1    | Found a radiant altar of Vehumet.
 33219 | Elf:1    | Found Wuomup Mung's Assorted Antiques.
 33226 | Elf:1    | Bought a potion of curing for 84 gold pieces
 33226 | Elf:1    | Bought a scroll labeled EZITHE XYDIVA for 28 gold pieces
 33226 | Elf:1    | Bought a viscous red potion for 25 gold pieces
 33280 | Elf:1    | Received a gift from Okawaru
 33447 | Elf:1    | Found a radiant altar of Vehumet.
 33556 | Elf:1    | Reached skill level 17 in Crossbows
 34612 | Elf:1    | Received a gift from Okawaru
 34933 | Elf:2    | Found Vulil's Armour Boutique.
 35019 | Elf:2    | Found a runed gate.
 35019 | Elf:2    | Found a runed gate.
 35019 | Elf:2    | Found a runed gate.
 35158 | Elf:2    | Found Litawn's Distillery.
 35158 | Elf:2    | Found Soxty's Weapon Shoppe.
 35163 | Elf:2    | Bought a potion of heal wounds for 80 gold pieces
 35163 | Elf:2    | Bought a potion of curing for 48 gold pieces
 35163 | Elf:2    | Bought a potion of curing for 48 gold pieces
 35163 | Elf:2    | Bought a potion of berserk rage for 80 gold pieces
 35163 | Elf:2    | Bought a potion of resistance for 160 gold pieces
 35203 | Elf:2    | Found Dokku's Antique Armour Shop.
 35208 | Elf:2    | Bought the -2 hat of the Alchemist {rElec rPois rF+ rC+ rN+ MR+ rMut rCorr} for 1274 gold pieces
 36360 | Elf:2    | Received a gift from Okawaru
 36360 | Elf:2    | Reached XP level 18. HP: 170/170 MP: 17/17
 36575 | Elf:2    | Reached skill level 18 in Crossbows
 37070 | Elf:3    | Entered Level 3 of the Elven Halls
 37422 | Elf:3    | Received a gift from Okawaru
 38118 | Elf:3    | Found Zymar's Antique Weapon Shop.
 38874 | Elf:3    | Received a gift from Okawaru
 38877 | Elf:3    | Identified the +8 triple crossbow of Saltpetre {velocity, rPois} (Okawaru gifted it to you on level 3 of the Elven Halls)
 38908 | Elf:3    | Reached skill level 19 in Crossbows
 39269 | Elf:3    | Received a gift from Okawaru
 39272 | Elf:3    | Identified the +4 triple crossbow of Maxu {elec, Str+4 Dex-3 SInv} (Okawaru gifted it to you on level 3 of the Elven Halls)
 39599 | Elf:3    | Identified the +0 cloak of Divine Intervention {rPois Int+2 Slay-3} (You found it on level 3 of the Elven Halls)
 39601 | Elf:3    | Identified the Incunabulum of Congealing Creation
 39737 | Elf:1    | Reached XP level 19. HP: 173/179 MP: 18/18
 40422 | D:14     | Found a gate to the Vaults.
 40550 | D:14     | Found Hygethri's Pet Rocks.
 41044 | Vaults:1 | Entered Level 1 of the Vaults
 41097 | Vaults:1 | Received a gift from Okawaru
 41267 | Vaults:1 | Received a gift from Okawaru
 41820 | Vaults:1 | Received a gift from Okawaru
 42349 | Vaults:1 | Reached skill level 20 in Crossbows
 42784 | Vaults:1 | Found Goutut's Antique Weapon Boutique.
 43023 | Vaults:2 | Found a ruined gateway.
 43030 | Desolati | Entered the Desolation of Salt
 43135 | Desolati | Received a gift from Okawaru
 43164 | Desolati | Got a sapphire lajatang {god gift}
 43216 | Desolati | Identified the +7 lajatang of Samefar {flame, rC+ Str-4 Int+5} (Okawaru gifted it to you in the Desolation of Salt)
 43407 | Desolati | Identified the +3 hand crossbow "Arcanum" {freeze, *Contam MP+9 Int+2 Dex+6} (You found it in the Desolation of Salt)
 43430 | Desolati | Identified the amulet "Pitubos" {Gourm *Contam rC++} (You found it in the Desolation of Salt)
 44155 | Desolati | Reached XP level 20. HP: 169/191 MP: 19/19
 44188 | Desolati | Got a heavily runed silver ring
 44192 | Desolati | Identified the ring of the Turtledove {rCorr rPois Str-4 Int+6 Dex+3} (You took it off an ironbrand convoker in the Desolation of Salt)
 44589 | Desolati | Got an emerald-encrusted chain mail
 44591 | Desolati | Identified the +1 chain mail of the Salamander {rF+} (You found it in the Desolation of Salt)
 44594 | Desolati | Got a shimmering marble ring
 44596 | Desolati | Identified the cursed ring "Zatakoe" {Dex-2 Stlth+} (You found it in the Desolation of Salt)
 44610 | Desolati | Identified the +11 hand crossbow of Doubt {venom, +Fly rF- Str+8 Stlth-} (You found it in the Desolation of Salt)
 44717 | Desolati | Received a gift from Okawaru
 45817 | Vaults:2 | Reached skill level 21 in Crossbows
 45966 | Vaults:2 | Received a gift from Okawaru
 46038 | Vaults:2 | Found a staircase to the Crypt.
 47960 | Vaults:3 | Reached XP level 21. HP: 132/200 MP: 20/20
 48003 | Vaults:3 | Found a magical portal.
 48043 | WizLab   | Entered Iskenderun's Mystic Tower
 48048 | WizLab   | Received a gift from Okawaru
 48049 | WizLab   | Noticed derval's ghost (adept SpEn)
 48055 | WizLab   | Killed derval's ghost
 49181 | WizLab   | Received a gift from Okawaru
 49222 | WizLab   | Reached skill level 22 in Crossbows
 49225 | WizLab   | Identified Iskenderun's Handbook of Combat Magic
 49225 | WizLab   | Identified Iskenderun's Almanac of Attacks
 50492 | Vaults:3 | Received a gift from Okawaru
 50754 | Vaults:3 | Received a gift from Okawaru
 52056 | Vaults:4 | Received a gift from Okawaru
 52254 | Vaults:4 | Received a gift from Okawaru
 52329 | Vaults:4 | Identified the cursed +1 chain mail "Ovau" {Int+6} (You found it on level 4 of the Vaults)
 52334 | Vaults:4 | Got a slimy gossamer ring
 52336 | Vaults:4 | Identified the ring of Xom's Ringing Laughter {Str+3 Int+4 Dex+4} (You acquired it on level 4 of the Vaults)
 52927 | Vaults:4 | Reached XP level 22. HP: 211/211 MP: 21/21
 53647 | D:13     | Reached skill level 23 in Crossbows
 54766 | Shoals:1 | Identified the +0 ring mail of the Echidna {MR+} (You found it on level 1 of the Shoals)
 54969 | Shoals:2 | Found Vanniss's Gadget Shop.
 55141 | Shoals:2 | Received a gift from Okawaru
 55827 | Shoals:3 | Found a frozen archway.
 55849 | IceCv    | Entered an ice cave
 56358 | IceCv    | Identified the Grimoire of Dark Ice
 57575 | Shoals:4 | Entered Level 4 of the Shoals
 57673 | Shoals:4 | Received a gift from Okawaru
 58290 | Shoals:4 | Noticed Ilsuiw
 58300 | Shoals:4 | Killed Ilsuiw
 58588 | Shoals:4 | Got a barnacled rune of Zot
 58704 | Shoals:4 | Got a heavily runed bronze ring
 58706 | Shoals:4 | Identified the ring of Ripassicyi {Str+6 Stlth+} (You found it on level 4 of the Shoals)
 59497 | Crypt:1  | Entered Level 1 of the Crypt
 59521 | Crypt:1  | Received a gift from Okawaru
 59534 | Crypt:1  | Received a gift from Okawaru
 59881 | Crypt:1  | Received a gift from Okawaru
 59889 | Crypt:1  | Reached XP level 23. HP: 221/221 MP: 22/22
 59890 | Crypt:1  | Identified the +0 arbalest of Vengeance {flame, Int+3} (Okawaru gifted it to you on level 1 of the Crypt)
 60548 | Crypt:2  | Noticed Margery
 60550 | Crypt:2  | Noticed Frederick
 60738 | Crypt:2  | Noticed Mennas
 60779 | Crypt:2  | HP: 7/331 [Mennas/eudemon blade of holy wrath (15)]
 60779 | Crypt:2  | Slain by Mennas

Vault maps used:
D:1:      evilmike_arrival_crescent
D:2:      cheibrodos_fertilizer
D:3:      minitemple, uniq_natasha, uniq_robin
D:4:      minmay_temple_entry_butterflies, minmay_misc_feat_ornament,
          minmay_misc_feat_five, uniq_duvessa, uniq_grinder
D:5:      overflow_temple_1_default, first_bread
D:6:      nicolae_overflow_crystal_walls, uniq_pikel
D:7:      gammafunk_temple_overflow_wave, kennysheep_mini, serial_shops,
          shop_fountains, basic_altar
D:8:      enter_bailey_2
D:9:      minmay_misc_feat_room, hangedman_ranch, dk_noncrumbling_2
D:10:     david_orc_4, uniq_sonja
D:11:     dpeg_lair_monsters, serial_shops, shop, shop_coins, shop,
          kennysheep_cross_room
D:12:     minmay_expanding_circles, serial_shops, nicolae_shop_waterfront,
          tgw_fedhas, uniq_azrael, uniq_kirke
D:13:     giant_chief_lemuel, columned_hall_lemuel, uniq_frances
D:14:     grunt_vaults_entry_fortified, st_stairs_13, guppyfry_shop_earth
Lair:1:   special_room, basic_altar, infiniplex_staircase_pool_2
Lair:2:   minmay_shoals_entry_hut, nicolae_spider_entry_non_spiders, uniq_harold
Lair:3:   grunt_forest_stairs_basic
Lair:5:   basic_altar, lemuel_fruit_tree
Lair:6:   grunt_lair_end_beastmaster, dpeg_slime_entry_enclosed_altar
Shoals:2: serial_shops, shop_fountains
Shoals:3: portal_ice_cave_entry_pillars_1
Shoals:4: shoals_end_simple, shoals_ilsuiw_ice
Spider:1: hive_lemuel
Spider:3: spider_trap, nicolae_spider_cling_ruins, uniq_mara, uniq_arachne
Spider:4: spider_rune_water
Orc:1:    basic_altar
Orc:2:    st_orc_mages, uniq_nessos
Elf:1:    eino_elf_arrival_altar, basic_altar, serial_shops,
          nicolae_shop_overgrown_old_shop, hangedman_elf_disciples,
          corexii_checkpoint_b, spider_trap
Elf:2:    serial_shops, nicolae_shop_stone, shop, shop, shop, stair_cage_line
Elf:3:    minmay_elf_hall_x, serial_sigils, serial_sigils_hangedman_scratch,
          serial_sigils_hangedman_gut, serial_sigils_hangedman_quiver,
          serial_sigils_hangedman_clutch, serial_shops, shop
Vaults:1: v_misc_19, ontoclasm_vaults_gateway, v_alt_pattern_1,
          dpeg_vaults_monster_box, ontoclasm_vaults_ring_square,
          hangedman_vaults_nails, v_misc_8, grunt_vaults_bifocal, v_misc_25,
          v_misc_11, vaults_room_pools, vaults_room_stairs_pillars,
          grunt_vaults_focal, serial_glass, serial_shops, shop
Vaults:2: ontoclasm_vaults_ligature, nicolae_vaults_little_squares_3,
          hangedman_vaults_snaps, vaults_dpeg_cross,
          nicolae_vaults_mini_display_case, hangedman_vaults_trim,
          nicolae_vaults_lopsided_apartments, grunt_vaults_diagonal,
          hangedman_vaults_slither, minmay_crypt_entry_simple_sparse,
          nicolae_vaults_rhombus_5, nicolae_vaults_disjoint_gnomons,
          portal_desolation_entry_ruin
Vaults:3: nicolae_vaults_disjoint_gnomons, v_misc_27, vaults_dpeg_spiral,
          vaults_room_fours, hangedman_vaults_hat,
          nicolae_vaults_network_barrier, grunt_vaults_funnel,
          vaults_room_glass_cross, ontoclasm_vaults_ring_small,
          vaults_mumra_lcd, nicolae_vaults_circle_grid_b,
          vaults_room_large_hall, mu_enter_wizlab_4
Vaults:4: hangedman_vaults_cutoff, vaults_room_fours, hangedman_vaults_trim,
          vaults_dpeg_ring, v_misc_17, vaults_room_fancy_cross,
          vaults_room_octagon, grunt_vaults_twisty,
          nicolae_vaults_little_squares_2, nicolae_vaults_sealed_display,
          nicolae_vaults_ring_of_whatevers, nicolae_vaults_diagonal_hallway_8
Crypt:1:  grunt_crypt_arrival_webbed
Crypt:2:  grunt_megastairs_4, uniq_frederick, uniq_margery, uniq_mennas
Bailey:   bailey_axe_1, bailey
IceCv:    ice_cave_caverns_03
WizLab:   wizlab_iskenderun

Skill      XL: |  1  2  3  4  5  6  7  8  9 10 11 12 13 14 15 16 17 18 19 20 21 22 |
---------------+-------------------------------------------------------------------+-----
Staves         | 4 5 6 8 9 11 12 14 | 14.0
Armour         | 1 2 3 4 5 7 8 10 11 13 15 16 17 18 19 20 21 | 21.4
Dodging        | 4 5 6 7 9 10 11 12 13 14 15 16 17 18 19 20 | 20.2
Fighting       | 3 4 5 6 8 9 11 12 13 14 15 16 17 18 19 20 21 | 21.6
Crossbows      | 1 7 10 13 14 16 17 19 20 21 22 23 | 23.9
Throwing       | |  2.0

Action                   |  1- 3 |  4- 6 |  7- 9 | 10-12 | 13-15 | 16-18 | 19-21 | 22-24 || total
-------------------------+-------+-------+-------+-------+-------+-------+-------+-------++-------
Melee: Quarterstaff      |    87 |   127 |   245 |       |       |       |       |       ||   459
       Headbutt          |    12 |    16 |    55 |   123 |   157 |   198 |   181 |   118 ||   860
       Lajatang          |       |       |    73 |   627 |   576 |   808 |   689 |   461 ||  3234
       Triple crossbow   |       |       |       |       |       |       |     4 |       ||     4
 Fire: Arbalest          |       |       |       |    96 |   581 |       |       |       ||   677
       Triple crossbow   |       |       |       |       |   157 |   627 |  1071 |   476 ||  2331
Throw: Throwing net      |     2 |       |       |     2 |       |       |       |       ||     4
       Stone             |     5 |       |    23 |   115 |       |       |       |       ||   143
       Tomahawk          |       |       |       |       |       |     9 |    13 |       ||    22
Invok: Heroism           |       |       |     3 |    16 |    26 |    20 |    14 |     3 ||    82
Evoke: Wand              |       |       |     5 |    16 |     3 |     7 |       |       ||    31
  Use: Scroll            |       |     1 |    12 |     8 |    15 |    13 |    12 |    10 ||    71
       Potion            |       |     1 |     5 |     7 |     5 |    13 |     1 |     3 ||    35
 Stab: Invisible         |       |       |       |     5 |       |       |       |       ||     5
       Petrified         |       |       |       |       |    11 |       |       |       ||    11
  Eat: Chunk             |     2 |     5 |    10 |    36 |    40 |    40 |    46 |    18 ||   197
       Meat ration       |       |       |     1 |       |       |       |       |       ||     1
Armor: Leather armour    |     6 |       |       |       |       |       |       |       ||     6
       Ring mail         |    17 |    33 |     3 |       |   149 |   320 |       |       ||   522
       Scale mail        |       |       |    77 |    37 |       |       |       |       ||   114
       Plate armour      |       |       |       |   268 |   297 |   293 |   462 |   283 ||  1603
Dodge: Dodged            |    57 |    76 |   190 |   409 |   933 |  1091 |   920 |   669 ||  4345
